 Dungeon Crawl Stone Soup version 0.29-a0-321-gf1c400731a (webtiles) character file.

Game seed: 16271607709560695218

974 rabbitsville the Archer (level 7, -4/66 HPs)
             Began as a Minotaur Hunter on Apr 3, 2022.
             Was an Initiate of Gozag.
             Slain by an ogre
             ... wielding a +0 giant club
              (25 damage)
             ... on level 7 of the Dungeon.
             The game lasted 00:19:58 (5155 turns).

rabbitsville the Archer (Minotaur Hunter)           Turns: 5155, Time: 00:19:59

Health: -4/66      AC:  6    Str: 16    XL:     7   Next: 95%
Magic:  6/6        EV: 11    Int:  6    God:    Gozag
Gold:   372        SH:  0    Dex: 19    Spells: 6/6 levels left

rFire   . . .      SeeInvis .   b - +4 falchion (holy)
rCold   . . .      Faith    .   (no shield)
rNeg    . . .      Spirit   .   p - +0 ring mail of Perpetual Drought {Dex+4}
rPois   .          Reflect  .   (helmet restricted)
rElec   .          Harm     .   (no cloak)
rCorr   .          Rampage  .   D - +0 pair of gloves
Will    .....                   (no boots)
Stlth   +.........              (no amulet)
HPRegen 0.21/turn               (no ring)
MPRegen 0.10/turn               (no ring)

@: no status effects
A: horns 2, retaliatory headbutt
a: Renounce Religion, Potion Petition, Call Merchant, Bribe Branch


You were on level 7 of the Dungeon.
You worshipped Gozag.
Gozag was aware of your devotion.
You visited 2 branches of the dungeon, and saw 8 of its levels.

You collected 428 gold pieces.
You paid 56 gold pieces to Gozag.

Inventory:

Hand Weapons
 a - a +1 shortbow
 b - a +4 falchion of holy wrath (weapon)
Armour
 d - a +0 leather armour
 p - the +0 ring mail of Perpetual Drought (worn) {Dex+4}
   (You found it on level 3 of the Dungeon)

   Dex:       It affects your dexterity (+4).
 D - a +0 pair of gloves (worn)
Jewellery
 n - a ring of fire
 y - a ring of flight
 A - a ring of ice
 E - a ring of positive energy
Wands
 m - a wand of paralysis (15)
 t - a wand of acid (11)
 x - a wand of iceblast (12)
 B - a wand of digging (2)
Scrolls
 c - a scroll of immolation
 f - 2 scrolls of summoning {unknown}
 g - 6 scrolls of identify {unknown}
 h - 3 scrolls of teleportation {unknown}
 j - 2 scrolls of magic mapping {unknown}
 k - a scroll of torment {unknown}
 l - a scroll of acquirement {unknown}
 o - 3 scrolls of enchant weapon {unknown}
 q - a scroll of enchant armour {unknown}
 u - a scroll of blinking {unknown}
 C - a scroll of fear {unknown}
Potions
 e - 3 potions of heal wounds {unknown}
 i - a potion of resistance {unknown}
 r - 2 potions of curing {unknown}
 s - a potion of ambrosia {unknown}
 v - 2 potions of flight {unknown}
 w - a potion of lignification {unknown}
 z - a potion of berserk rage {unknown}


   Skills:
 + Level 7.5 Fighting
 * Level 3.2 Long Blades
 * Level 8.2 Bows
 - Level 2.1 Dodging
 - Level 0.7 Stealth


You had 6 spell levels left.
You didn't know any spells.
Your spell library contained the following spells:

 Spells                   Type           Power      Damage    Failure   Level
 Sandblast                Erth           0%         2d4       67%         1
 Sting                    Tmut/Pois      0%         1d3       67%         1
 Summon Small Mammal      Summ           0%         N/A       67%         1
 Blink                    Tloc           0%         N/A       82%         2
 Passwall                 Tmut/Erth      0%         N/A       82%         2
 Poisonous Vapours        Pois/Air       0%         N/A       82%         2
 Call Canine Familiar     Summ           0%         N/A       96%         3
 Lesser Beckoning         Tloc           0%         N/A       96%         3
 Ozocubu's Armour         Ice            0%         N/A       96%         3
 Stone Arrow              Conj/Erth      0%         3d7       96%         3
 Summon Guardian Golem    Hex/Summ       0%         N/A       96%         3
 Olgreb's Toxic Radiance  Pois           0%         N/A       100%        4
 Manifold Assault         Tloc           0%         N/A       100%        5
 Ozocubu's Refrigeration  Ice            0%         4d5       100%        7


Dungeon Overview and Level Annotations

Branches:
Dungeon (7/15)             Temple (1/1) D:5

Altars:
Ashenzari
Cheibriados
Elyvilon
Gozag
Hepliaklqana
Kikubaaqudgha
Makhleb
Nemelex Xobeh
Okawaru
Sif Muna
Trog
Uskayaw
Vehumet
Wu Jian
Xom
Yredelemnul
The Shining One

Shops:
D:2 (


Innate Abilities, Weirdness & Mutations

You have a pair of horns on your head.
You reflexively headbutt those who attack you in melee.


Message History

An ogre comes into view. It is wielding a +0 giant club.
The ogre shouts!
You hear a shout!
Shoot: a) +1 shortbow
Press: ? - help, Q - select action, (/) - cycle Shift-Dir - straight line, f - ogre
Aim: an ogre, wielding a +0 giant club (80% to hit)
You shoot an arrow. The arrow barely misses the ogre.
Shoot: a) +1 shortbow
Press: ? - help, Q - select action, (/) - cycle Shift-Dir - straight line, f/p - ogre
Aim: an ogre, wielding a +0 giant club (80% to hit)
You shoot an arrow. The arrow hits the ogre.
The ogre is lightly wounded.
Shoot: a) +1 shortbow
Press: ? - help, Q - select action, (/) - cycle Shift-Dir - straight line, f/p - ogre
Aim: an ogre, wielding a +0 giant club (lightly wounded, 80% to hit)
You shoot an arrow. The arrow hits the ogre.
The ogre is lightly wounded.
A kobold comes into view.
It is wielding a +2 short sword of protection.
The kobold moves out of view.
Shoot: a) +1 shortbow
Press: ? - help, Q - select action, (/) - cycle Shift-Dir - straight line, f/p - ogre
Aim: an ogre, wielding a +0 giant club (lightly wounded, 80% to hit)
You shoot an arrow. The arrow barely misses the ogre.
Shoot: a) +1 shortbow
Press: ? - help, Q - select action, (/) - cycle Shift-Dir - straight line, f/p - ogre
Aim: an ogre, wielding a +0 giant club (lightly wounded, 80% to hit)
You shoot an arrow. The arrow hits the ogre!
The ogre is heavily wounded.
Your +4 falchion of holy wrath softly glows with a divine radiance!
b - a +4 falchion of holy wrath (weapon)
The ogre hits you with a +0 giant club!
You barely miss the ogre.
The ogre is heavily wounded.
You hit the ogre. Your headbutt misses the ogre.
The ogre is heavily wounded.
The ogre hits you with a +0 giant club!!
You slash the ogre!
The ogre is almost dead.
The ogre hits you with a +0 giant club!!
You die...
Your body crumbles into a pile of gold.

#.....##
......# ......
..... $ ...#
..#
###.###O######.
.......@....../
....###.######.
. #.# #..
#.######..
#........#
#.......#
#.......#
#......(#
##......#


You could see an ogre.

Vanquished Creatures
  Eustachio (D:4)
  An ice beast (D:3)
  An ogre (D:6)
  A kobold brigand (D:5)
  2 scorpions
  A howler monkey (D:6)
  A jelly (D:6)
  A gnoll shaman (D:4)
  An orc wizard (D:5)
  4 iguanas
  9 adders
  4 gnolls (D:4)
  A white imp (D:5)
  An ufetubus (D:3)
  A worm (D:2)
  A dart slug (D:5)
  11 orcs
  7 ball pythons
  6 bats
  7 endoplasms
  4 giant cockroaches
  6 goblins
  5 hobgoblins
  3 jackals (D:4)
  3 quokkas
  3 frilled lizards
  26 kobolds
  4 rats
116 creatures vanquished.

Vanquished Creatures (others)
  26 plants (D:5)
26 creatures vanquished.

Grand Total: 142 creatures vanquished

Notes
Turn   | Place    | Note
-------+----------+-------------------------------------------
     0 | D:1      | rabbitsville the Minotaur Hunter began the quest for the
                  | Orb.
     0 | D:1      | Reached XP level 1. HP: 18/18 MP: 0/0
   586 | D:1      | Found a faded altar of an unknown god.
   635 | D:1      | Reached XP level 2. HP: 26/26 MP: 1/1
   988 | D:2      | Reached skill level 5 in Bows
   988 | D:2      | Reached XP level 3. HP: 27/31 MP: 2/2
  1360 | D:2      | Found Keikat's Weapon Shop.
  1695 | D:3      | Noticed a black bear
  1793 | D:3      | Reached XP level 4. HP: 40/40 MP: 3/3
  1804 | D:3      | Noticed an ice beast
  1818 | D:3      | Killed an ice beast
  1819 | D:3      | Reached XP level 5. HP: 26/47 MP: 4/4
  2018 | D:3      | Reached skill level 5 in Fighting
  2029 | D:3      | Identified the +0 ring mail of Perpetual Drought {Dex+4}
  2145 | D:4      | Reached skill level 6 in Bows
  2447 | D:4      | Reached XP level 6. HP: 57/57 MP: 5/5
  2655 | D:4      | Noticed Eustachio
  2678 | D:4      | Killed Eustachio
  2679 | D:4      | Reached skill level 7 in Bows
  2969 | D:5      | Entered Level 5 of the Dungeon
  3061 | D:5      | Found an ornate altar of the Wu Jian Council.
  3139 | D:5      | Reached XP level 7. HP: 64/64 MP: 6/6
  3150 | D:5      | Found a staircase to the Ecumenical Temple.
  3163 | Temple   | Entered the Ecumenical Temple
  3513 | Temple   | Became a worshipper of Gozag Ym Sagoz the Greedy
  3634 | D:5      | Found a hazy altar of Hepliaklqana.
  3634 | D:5      | Found a glowing golden altar of the Shining One.
  3702 | D:5      | Reached skill level 1 in Long Blades
  4650 | D:6      | Reached skill level 8 in Bows
  5155 | D:7      | Slain by an ogre

Illustrated notes

Levels and vault maps discovered:
D:1:      zelgadis_glass_arrival_small, layout_loops_cross,
          shapermc_ecumenical_altar_mp_highgroup
D:2:      layout_loops_ring, serial_shops, shop
D:3:      layout_rooms, lightli_corner_chamber
D:4:      layout_loops_ring, uniq_eustachio
D:5:      kennysheep_kobold_camp, layout_basic, old_standard_altar,
          gammafunk_temple_overflow_elements, minmay_temple_entry_poolview,
          nicolae_elevator_lobby_plus
D:6:      layout_loops_ring, grunt_temple_overflow_diamond, dk_rats_in_the_wall
D:7:      layout_rooms, marbit_many_paths, gammafunk_ghost_abyssal_escape
Temple:   minmay_temple_curvy_branch

Skill      XL: |  1  2  3  4  5  6  7 |
---------------+----------------------+-----
Fighting       | 3 4 5 6 7 |  7.5
Bows           | 5 6 7 8 |  8.2
Long Blades    | 3 |  3.2
Dodging        | |  2.1
Stealth        | |  0.7

Action                   |  1- 3 |  4- 6 |  7- 9 || total
-------------------------+-------+-------+-------++-------
Melee: Headbutt          |     5 |     5 |    19 ||    29
       Spear             |     1 |       |       ||     1
       Dagger            |    33 |    22 |       ||    55
       Punch             |       |     1 |     1 ||     2
       Falchion          |       |     8 |    64 ||    72
 Fire: Shortbow          |    84 |    88 |    85 ||   257
Armor: Leather armour    |    13 |     3 |       ||    16
       Ring mail         |       |    10 |    16 ||    26
Dodge: Dodged            |    34 |    14 |    18 ||    66

Table legend: (Time is in decaauts)
 A = Elapsed time spent in this place.
 B = Non-inter-level travel time spent in this place.
 C = Inter-level travel time spent in this place.
 D = Time resting spent in this place.
 E = Time spent auto-exploring this place.
 F = Levels seen in this place.
 G = Mean time per level.
                   A        B        C        D        E       F      G
               +--------+--------+--------+--------+--------+-----+--------+
         Total |   5204 |   5044 |    160 |    352 |   3352 |   8 |  650.5 |
       Dungeon |   4831 |   4722 |    109 |    352 |   3062 |   7 |  690.1 |
        Temple |    372 |    321 |     51 |      0 |    290 |   1 |  372.0 |
               +--------+--------+--------+--------+--------+-----+--------+

Top non-repeatable levels by time:
     D:5: 1284 daAuts
     D:4: 851 daAuts
     D:2: 758 daAuts
     D:1: 720 daAuts
     D:3: 664 daAuts
     D:6: 528 daAuts
  Temple: 372 daAuts
     D:7: 25 daAuts
